AoeStats
← O salteador de ovelhas

Nomad

505536159Analyzed
3v3 RM · 22d ago on Sep 9, 2026· 40m 25s· 6 players
Game mode
Random Map
Map size
210×210
Population
200
Speed
Normal
Resources
Standard
Victory
Conquest
Starting age
Dark Age
Ending age
Imperial Age
RankedLock teamsTeams togetherTeam positionsShared explorationLock speedFull tech treeHidden civsTurbo modeCheats
Victory
Defeat
🇷🇺 Burmese · Russia
1136
+11
🇺🇸 Ethiopians · United States
1110
+12
🇺🇸 Koreans · United States
1107
+12
🇵🇹 Persians · Portugal
1044
-12
🇵🇹 Japanese · Portugal
1030
-12
🇵🇹 Aztecs · Portugal
997
-11
KASPER
4:43 Loom
14:38 Feudal Age
20:01 Castle Age
19:09 Padded Archer Armor
19:22 Forging
20:08 Fletching
23:48 Gold Mining
26:02 Husbandry
26:12 Bloodlines
26:34 Light Cavalry
27:39 Horse Collar
36:45 Imperial Age
37:41 Bodkin Arrow
39:22 Conscription
41:21 Ballistics
BigOleChunguss
6:13 Loom
13:50 Feudal Age
19:12 Double-Bit Axe
21:43 Castle Age
19:36 Fletching
25:05 Bow Saw
27:15 Scale Mail Armor
28:12 Forging
29:54 Chain Mail Armor
30:03 Arson
31:26 Iron Casting
31:11 Squires
33:09 Wheelbarrow
37:55 Imperial Age
36:34 Fishing Lines
38:00 Elite Shotel Warrior
39:48 Blast Furnace
39:19 Plate Mail Armor
Jersey_TitanX
4:47 Loom
13:31 Feudal Age
14:18 Gold Mining
14:20 Double-Bit Axe
22:47 Castle Age
21:28 Stone Mining
23:40 Bow Saw
23:48 Medium Warships
24:04 Town Watch
25:27 Stone Shaft Mining
24:17 Pikeman
28:19 Careening
28:30 Ballistics
29:59 Fishing Lines
31:00 Scale Mail Armor
31:58 Fletching
33:17 Gillnets
33:42 Clinker Construction
33:53 Horse Collar
38:25 Imperial Age
37:56 Gold Shaft Mining
40:32 Wheelbarrow
40:38 Bodkin Arrow
sloopy86
3:24 Loom
14:16 Feudal Age
14:48 Horse Collar
14:56 Double-Bit Axe
15:00 Town Watch
21:11 Castle Age
20:56 Gold Mining
21:22 Forging
21:04 Fletching
21:18 Padded Archer Armor
22:40 Heavy Plow
22:49 Squires
22:11 Man-at-Arms
22:37 Gambesons
22:17 Elite Skirmisher
25:16 Leather Archer Armor
32:46 Bodkin Arrow
40:08 Imperial Age
O salteador de ovelhas
5:26 Loom
15:16 Feudal Age
17:26 Fishing Lines
20:47 Castle Age
19:24 Double-Bit Axe
22:27 Wheelbarrow
21:38 Town Watch
22:23 Medium Warships
22:44 Gold Mining
22:44 Stone Mining
24:14 Hand Cart
25:25 Town Patrol
26:49 Husbandry
27:00 Bloodlines
35:04 Bow Saw
Kingping
3:19 Loom
13:30 Feudal Age
16:54 Fletching
21:06 Castle Age
24:30 Wheelbarrow
26:17 Elite Skirmisher
29:04 Bodkin Arrow
29:44 Town Watch
31:24 Double-Bit Axe
33:30 Padded Archer Armor
34:16 Thumb Ring
Connection lost

Rejoining the realm…

Still unreachable

The connection could not be restored.

Session expired

The server has moved on; the page needs a fresh start.